 Dungeon Crawl Stone Soup version 0.29-a0-495-g17b7911 (webtiles) character file.

Game seed: 16348925193763985039

53 Toastz the Shooter (level 3, -2/22 HPs)
             Began as a Tengu Hunter on May 27, 2022.
             Slain by a hobgoblin (3 damage)
             ... led by Robin
             ... on level 2 of the Dungeon.
             The game lasted 00:01:49 (1057 turns).

Toastz the Shooter (Tengu Hunter)                   Turns: 1057, Time: 00:01:49

Health: -2/22      AC:  3    Str: 11    XL:     3   Next: 87%
Magic:  4/4        EV: 12    Int:  9    God:
Gold:   79         SH:  0    Dex: 19    Spells: 2/2 levels left

rFire   . . .      SeeInvis .   a - +1 shortbow
rCold   . . .      Faith    .   (shield currently unavailable)
rNeg    . . .      Spirit   .   b - +0 leather armour
rPois   .          Reflect  .   (helmet restricted)
rElec   .          Harm     .   (no cloak)
rCorr   .          Rampage  .   (no gloves)
Will    .....                   (boots unavailable)
Stlth   ++........              (no amulet)
HPRegen 0.07/turn               (no ring)
MPRegen 0.09/turn               (no ring)

@: no status effects
A: beak, talons 3
a: no special abilities


You were on level 2 of the Dungeon.
You visited 1 branch of the dungeon, and saw 2 of its levels.

You collected 79 gold pieces.

Inventory:

Hand Weapons
 a - a +1 shortbow (weapon)
Missiles
 h - 2 poisoned darts
Armour
 b - a +0 leather armour (worn)
Jewellery
 l - a ring of willpower
Scrolls
 c - 2 scrolls of immolation
 j - a scroll of identify {unknown}
 k - a scroll of teleportation {unknown}
Potions
 d - a potion of berserk rage {unknown}
 e - 2 potions of attraction {unknown}
 f - a potion of heal wounds {unknown}
 g - a potion of haste {unknown}
 i - a potion of resistance {unknown}


   Skills:
 + Level 2.7 Fighting
 * Level 5.5 Bows
 - Level 2.1 Dodging
 - Level 1.0 Stealth


You had 2 spell levels left.
You didn't know any spells.
Your spell library contained the following spells:

 Spells                   Type           Power      Damage    Failure   Level
 Gell's Gravitas          Tloc           0%         N/A       85%         3
 Teleport Other           Tloc           0%         N/A       85%         3
 Dispersal                Tloc           0%         N/A       100%        6


Dungeon Overview and Level Annotations

Branches:
Dungeon (2/15)

Altars:

Annotations:
D:2 Robin


Innate Abilities, Weirdness & Mutations

You have a beak for a mouth.
You have claws for feet.


Message History

You kill the goblin!
The goblin no longer looks unusually strong.
The goblin shoots a sling bullet.
The sling bullet misses you.
The goblin shoots a sling bullet.
The sling bullet hits you.
Shoot: a) +1 shortbow
Press: ? - help, Q - select action, (/) - cycle Shift-Dir - straight line, f - goblin
Aim: a goblin, wielding a +0 hunting sling (59% to hit)
You shoot an arrow.
The arrow hits the goblin but does no damage.
The hobgoblin no longer looks unusually strong.
Robin says, "Duck!"
Robin roars a battlecry!
The goblins go into a battle-frenzy!
The goblin shoots a sling bullet.
The sling bullet hits you.
You hear a shout!
Shoot: a) +1 shortbow
Press: ? - help, Q - select action, (/) - cycle Shift-Dir - straight line, f/p - goblin
Aim: a goblin, wielding a +0 hunting sling (strong, 59% to hit)
You shoot an arrow. The arrow hits the goblin!
You kill the goblin!
Robin says, "My goblins will feast on your bones."
Shoot: a) +1 shortbow
Press: ? - help, Q - select action, (/) - cycle Shift-Dir - straight line, f - goblin
Aim: a goblin, wielding a +0 club (59% to hit)
You shoot an arrow. The arrow barely misses the goblin.
Robin throws the goblin at you! The goblin hits you with a +0 dagger.
The goblin hits you with a +0 club.
* * * LOW HITPOINT WARNING * * *
The goblin completely misses you. The goblin hits you with a +0 dagger.
* * * LOW HITPOINT WARNING * * *
The hobgoblin hits you.
* * * LOW HITPOINT WARNING * * *
Shoot: a) +1 shortbow
Press: ? - help, Q - select action, (/) - cycle Shift-Dir - straight line, f/p - goblin
Aim: a goblin, wielding a +0 club (59% to hit)
You shoot an arrow. The arrow completely misses the goblin.
The goblin closely misses you. The goblin hits you with a +0 club.
* * * LOW HITPOINT WARNING * * *
The hobgoblin attacks as you move away! The hobgoblin hits you.
You die...

##........######'######..
#.#.......#.#.##.##.#.#..
##.#.......#.##รท..##.#...
##.#.....[..............
##.#...................
##.#..................
##.#.................
#######.#g..#..#.#..#...#
#......#@######...######.
.######g#g..#..#.#..#...#
##)#....8.......8....
##.#..................
##g#.....8.........8...
##.#....................
#.#....|.).8.......8....
#)..#..g...................
#.....#.......................


You could see Robin, a hobgoblin (strong) and 2 goblins.

Vanquished Creatures
  2 adders (D:2)
  3 bats (D:1)
  6 endoplasms
  3 giant cockroaches (D:1)
  8 goblins
  3 hobgoblins
  A ball python (D:1)
  5 kobolds (D:1)
  2 rats (D:2)
33 creatures vanquished.

Vanquished Creatures (others)
  2 plants (D:2)
2 creatures vanquished.

Grand Total: 35 creatures vanquished

Notes
Turn   | Place    | Note
-------+----------+-------------------------------------------
     0 | D:1      | Toastz the Tengu Hunter began the quest for the Orb.
     0 | D:1      | Reached XP level 1. HP: 12/12 MP: 2/2
    85 | D:1      | Reached XP level 2. HP: 10/17 MP: 3/3
   421 | D:1      | Found a faded altar of an unknown god.
   445 | D:1      | Reached skill level 5 in Bows
   540 | D:1      | Reached XP level 3. HP: 22/22 MP: 4/4
  1036 | D:2      | Noticed Robin
  1056 | D:2      | HP: 1/22 [goblin/+0 club[Robin] (1)]
  1057 | D:2      | Slain by a hobgoblin

Illustrated notes

Levels and vault maps discovered:
D:1:      amcnicky_arrival_underground_garden, layout_basic,
          ebering_ecumenical_altar_box
D:2:      wad_pebble_path, layout_loops_cross, serial_bayou_pond_c,
          st_stairs_12, glass_columns_b, uniq_robin

Skill      XL: |  1  2 |
---------------+-------+-----
Bows           | 5 |  5.5
Fighting       | |  2.7
Dodging        | |  2.1
Stealth        | |  1.0

Action                   || total
-------------------------++-------
 Fire: Shortbow          ||    75
Armor: Leather armour    ||     5
Dodge: Dodged            ||    19

Table legend: (Time is in decaauts)
 A = Elapsed time spent in this place.
 B = Non-inter-level travel time spent in this place.
 C = Inter-level travel time spent in this place.
 D = Time resting spent in this place.
 E = Time spent auto-exploring this place.
 F = Levels seen in this place.
 G = Mean time per level.
                   A        B        C        D        E       F      G
               +--------+--------+--------+--------+--------+-----+--------+
         Total |   1078 |   1070 |      8 |    158 |    746 |   2 |  539.0 |
       Dungeon |   1078 |   1070 |      8 |    158 |    746 |   2 |  539.0 |
               +--------+--------+--------+--------+--------+-----+--------+

Top non-repeatable levels by time:
     D:1: 649 daAuts
     D:2: 429 daAuts
